 Dungeon Crawl Stone Soup version 0.28-a0-819-g6ef7baa362 (webtiles) character file.

Game seed: 12628160665074973823

307 demibob the Spear-Bearer (level 6, 0/44 HPs)
             Began as a Merfolk Gladiator on Nov 9, 2021.
             Slain by Pikel (5 damage)
             ... on level 3 of the Dungeon.
             The game lasted 00:06:05 (3620 turns).

demibob the Spear-Bearer (Merfolk Gladiator)        Turns: 3620, Time: 00:06:06

Health: 0/44       AC:  3    Str: 14    XL:     6   Next: 40%
Magic:  6/6        EV: 13    Int:  7    God:
Gold:   211        SH:  0    Dex: 18    Spells: 5/5 levels left

rFire   . . .      SeeInvis .   a - +1 trident
rCold   + . .      Faith    .   (no shield)
rNeg    . . .      Spirit   .   b - +0 leather armour
rPois   +          Reflect  .   (helmet restricted)
rElec   .          Harm     .   (no cloak)
rCorr   .          Rampage  .   (no gloves)
Will    .....      Rage     1%  (no boots)
Stlth   +++.......              j - amulet of magic regeneration
HPRegen 0.14/turn               (no ring)
MPRegen 0.35/turn               (no ring)

@: no status effects
A: (nimble swimmer 2), mertail, antennae 1, berserk 1, cold resistance 1, poison
resistance
a: no special abilities


You were on level 3 of the Dungeon.
You visited 1 branch of the dungeon, and saw 4 of its levels.

You collected 211 gold pieces.


Innate Abilities, Weirdness & Mutations

((You are quick and stealthy near water. (Stealth+, EV+, Speed+++)))
Your lower body shifts to a powerful aquatic tail in water.
You have a pair of small antennae on your head.
You tend to lose your temper in combat.
Your flesh is cold resistant. (rC+)
Your system is resistant to poisons. (rPois)


   Skills:
 - Level 2.1 Fighting
 * Level 8.6 Polearms
 - Level 2.0 Throwing
 - Level 4.0 Dodging
 + Level 4.0 Stealth


You had 5 spell levels left.
You didn't know any spells.
Your spell library contained the following spells:

 Spells                   Type           Power      Damage    Failure   Level
 Corpse Rot               Necr/Air       0%         N/A       65%         2
 Poisonous Vapours        Pois/Air       0%         N/A       65%         2
 Animate Armour           Summ/Erth      0%         N/A       99%         4
 Hailstorm                Conj/Ice       0%         3d3       99%         4
 Ice Form                 Ice/Tmut       0%         N/A       99%         4
 Alistair's Intoxication  Tmut/Pois      0%         N/A       100%        5
 Simulacrum               Ice/Necr       0%         N/A       100%        6
 Statue Form              Tmut/Erth      0%         N/A       100%        6

Inventory:

Hand Weapons
 a - a +1 trident (weapon)
Missiles
 d - 3 throwing nets (quivered) {=f}
Armour
 b - a +0 leather armour (worn)
 c - a +0 helmet
Jewellery
 j - an amulet of magic regeneration (around neck)
Wands
 f - a wand of flame (15)
Scrolls
 e - a scroll of amnesia
 g - a scroll of enchant weapon

Dungeon Overview and Level Annotations

Branches:
Dungeon (4/15)
 Temple: D:4-7

Altars:

Annotations:
D:3 Pikel

#........#######.........######.#
#.######.##...##..####..........#
#.# #.#.....#..# #.#.#####..# #.#
#.#........# #.#.# #.## #.#
##.#.....#..# #.#.#####.## #.#
##..##...##..# #.#.#....... #.#
#...###.###.## ##.#.#.###.## #.#
#.#..)......####....#.# #.# #.#
#.##.#.###K@.....#..#.# #.# #.#
#.##.### #######....#.###.##
#.####.##.# ##.........#.
#...##.##.# #..#...#....
###.##.##.# ##.##.##.##.
#.##.##.######### #.#####....
#.##.......)....# ##.# #.##.
#.#.........###.# #..#####....
#.#.#####.#.# #.# #........##.


You could see Pikel.


Message History

Pikel hits you with a +1 whip of freezing!
* * * LOW HITPOINT WARNING * * *
Pikel freezes you.
* * * LOW HITPOINT WARNING * * *
You hit Pikel.
Pikel is moderately wounded.
Pikel misses you.
You hit Pikel but do no damage.
Pikel is moderately wounded.
Pikel barely misses you.
You miss Pikel.
Pikel is moderately wounded.
You hit Pikel.
Pikel is heavily wounded.
Pikel misses you.
You hit Pikel.
Pikel is heavily wounded.
Pikel hits you with a +1 whip of freezing.
* * * LOW HITPOINT WARNING * * *
Pikel freezes you.
* * * LOW HITPOINT WARNING * * *
Okay, then.
Okay, then.
You aren't carrying any potions.
Unknown command.
Unknown command.
You hit Pikel but do no damage.
Pikel is heavily wounded.
Pikel hits you with a +1 whip of freezing.
You die...

Skill      XL: |  1  2  3  4  5  6 |
---------------+-------------------+-----
Polearms       | 5 6 7 8 |  8.6
Stealth        | 1 2 3 4 |  4.0
Fighting       | |  2.1
Throwing       | |  2.0
Dodging        | |  4.0

Action                   |  1- 3 |  4- 6 || total
-------------------------+-------+-------++-------
Melee: Trident           |   120 |   166 ||   286
Evoke: Wand              |       |     5 ||     5
  Use: Scroll            |       |     7 ||     7
       Potion            |       |     2 ||     2
 Stab: Sleeping          |     2 |     7 ||     9
Armor: Leather armour    |    17 |    21 ||    38
Dodge: Dodged            |    56 |    83 ||   139

Levels and vault maps discovered:
D:1:      wander_arrival_fairy_ring, layout_loops_cross,
          hellmonk_ecumenical_altar_crossroads, hangedman_decor_peaks_small,
          serial_park_tiny_1, chequers_serial_rivers_micro_d,
          minmay_tree_intersection, lexackson_kobold_supper
D:2:      layout_basic, serial_glass, glass_columns_a, glass_columns_a,
          glass_columns_a, glass_columns_a
D:3:      layout_loops_ring, minmay_misc_feat_enclosed, uniq_terence
D:4:      layout_rooms, lemuel_coloured_pillars_altar, uniq_edmund, uniq_pikel

Notes
Turn   | Place    | Note
-------+----------+-------------------------------------------
     0 | D:1      | demibob the Merfolk Gladiator began the quest for the Orb.
     0 | D:1      | Reached XP level 1. HP: 16/16 MP: 1/1
   252 | D:1      | Reached skill level 5 in Polearms
   252 | D:1      | Reached skill level 1 in Stealth
   252 | D:1      | Reached XP level 2. HP: 22/22 MP: 2/2
   622 | D:1      | Reached XP level 3. HP: 26/27 MP: 3/3
   805 | D:1      | Found a faded altar of an unknown god.
  1114 | D:2      | Reached skill level 6 in Polearms
  1114 | D:2      | Reached skill level 2 in Stealth
  1323 | D:2      | Reached XP level 4. HP: 29/33 MP: 4/4
  1608 | D:2      | Got the Catalogue of Venom and the Mountains
  2380 | D:3      | Noticed Terence
  2393 | D:3      | Gained mutation: Your system is resistant to poisons.
                  | (rPois) [potion of mutation]
  2393 | D:3      | Gained mutation: You tend to lose your temper in combat.
                  | [potion of mutation]
  2393 | D:3      | Gained mutation: Your flesh is cold resistant. (rC+)
                  | [potion of mutation]
  2393 | D:3      | Gained mutation: You have a pair of small antennae on your
                  | head. [potion of mutation]
  2395 | D:3      | Killed Terence
  2396 | D:3      | Reached skill level 7 in Polearms
  2396 | D:3      | Reached XP level 5. HP: 9/38 MP: 5/5
  3013 | D:4      | Noticed Edmund
  3024 | D:4      | Reached skill level 3 in Stealth
  3031 | D:4      | Killed Edmund
  3032 | D:4      | Reached skill level 8 in Polearms
  3032 | D:4      | Reached XP level 6. HP: 43/44 MP: 6/6
  3284 | D:4      | Reached skill level 4 in Stealth
  3339 | D:4      | Noticed Pikel
  3353 | D:4      | Noticed a necrophage
  3619 | D:3      | HP: 4/44 [Pikel (1)]
  3620 | D:3      | Slain by Pikel

Vanquished Creatures
  Edmund (D:4)
  A centaur zombie (D:4)
  Terence (D:3)
  4 adders
  An adder skeleton (D:4)
  2 worms
  An orc (D:3)
  6 bats
  7 endoplasms
  6 giant cockroaches
  10 goblins
  10 hobgoblins
  9 jackals
  2 quokkas (D:2)
  4 ball pythons
  6 frilled lizards
  13 kobolds
  5 rats
89 creatures vanquished.

Vanquished Creatures (others)
  6 plants (D:1)
6 creatures vanquished.

Grand Total: 95 creatures vanquished

Table legend: (Time is in decaauts)
 A = Elapsed time spent in this place.
 B = Non-inter-level travel time spent in this place.
 C = Inter-level travel time spent in this place.
 D = Time resting spent in this place.
 E = Time spent auto-exploring this place.
 F = Levels seen in this place.
 G = Mean time per level.
                   A        B        C        D        E       F      G
               +--------+--------+--------+--------+--------+-----+--------+
         Total |   3637 |   3521 |    116 |    583 |   2292 |   4 |  909.2 |
       Dungeon |   3637 |   3521 |    116 |    583 |   2292 |   4 |  909.2 |
               +--------+--------+--------+--------+--------+-----+--------+

Top non-repeatable levels by time:
     D:3: 1327 daAuts
     D:1: 1106 daAuts
     D:2: 856 daAuts
     D:4: 346 daAuts

Table legend:
 A = Non-vault XP
 B = Vault XP
 C = Vault XP percentage of total XP
 D = Non-vault monster count
 E = Vault monster count
 F = Vault count percentage of total count
                 A         B        C        D         E       F
            +---------+---------+-------+---------+---------+-------
      Total |     234 |     205 |  46.7 |      79 |      10 |  11.2
            +---------+---------+-------+---------+---------+-------
        D:1 |      52 |       9 |  14.8 |      31 |       8 |  20.5
        D:2 |      48 |       0 |   0.0 |      19 |       0 |   0.0
        D:3 |      46 |      32 |  41.0 |      19 |       1 |   5.0
        D:4 |      88 |     164 |  65.1 |      10 |       1 |   9.1
            +---------+---------+-------+---------+---------+-------
